 Seeded DCSS version 0.29-a0-872-g797fff5ad1 (webtiles) character file.

Game seed: 5834807908427821751 (custom seed)

548 mcwallace the Chiller (level 6, -3/51 HPs)
             Began as a Demigod Ice Elementalist on July 18, 2022.
             Slain by Menkaure (17 damage)
             ... on level 4 of the Dungeon.
             The game lasted 00:08:07 (5681 turns).

mcwallace the Chiller (Demigod Ice Elementalist)    Turns: 5681, Time: 00:08:08

Health: -3/51      AC: 10    Str:  9    XL:     6   Next: 79%
Magic:  8/14       EV: 13    Int: 25    God:
Gold:   194        SH:  0    Dex: 14    Spells: 5/12 levels left

rFire   . . .      SeeInvis .   j - +3 quarterstaff (chaos) {staff}
rCold   + . .      Faith    .   (shield currently unavailable)
rNeg    . . .      Spirit   .   l - +0 robe {Will+}
rPois   .          Reflect  .   (no helmet)
rElec   .          Harm     .   D - +0 cloak
rCorr   .          Rampage  .   (no gloves)
Will    +....                   (no boots)
Stlth   ++........              (no amulet)
HPRegen 0.17/turn               L - ring of protection from cold
MPRegen 0.14/turn               (no ring)

@: ice-armoured, freezing walls, hasted, very quick
A: high MP 1, forlorn, divine attributes
a: no special abilities


You were on level 4 of the Dungeon.
You visited 1 branch of the dungeon, and saw 4 of its levels.

You collected 194 gold pieces.


Innate Abilities, Weirdness & Mutations

You have an increased reservoir of magic. (+10% MP)
You shall have no god before yourself.
Your divine heritage dramatically boosts your attributes as you level up.


   Skills:
 + Level 3.2 Fighting
 + Level 3.7 Dodging
 - Level 1.7 Stealth
 + Level 3.5 Spellcasting
 + Level 5.0 Ice Magic


You had 5 spell levels left.
You knew the following spells:

 Your Spells              Type           Power      Damage    Failure   Level
a - Freeze                Ice            100%       1d11      1%          1
b - Frozen Ramparts       Ice            58%        1d7       3%          3
c - Ozocubu's Armour      Ice            29%        N/A       3%          3

Your spell library contained the following spells:

 Spells                   Type           Power      Damage    Failure   Level
 Foxfire                  Conj/Fire      16%        2x1d4     10%         1
 Magic Dart               Conj           16%        1d3       10%         1
 Searing Ray              Conj           8%         2d4       14%         2
 Conjure Flame            Conj/Fire      4%         6-21      28%         3
 Inner Flame              Hex/Fire       4%         N/A       28%         3
 Hailstorm                Conj/Ice       16%        3d6       34%         4
 Flame Wave               Conj/Fire      4%         2d5       67%         4
 Fulminant Prism          Conj/Hex       2%         3d6       67%         4

Inventory:

Hand Weapons
 d - a +0 dagger {short}
   (You took it off a goblin on level 1 of the Dungeon)
 j - a +3 quarterstaff of chaos (weapon) {staff}
   (You took it off Crazy Yiuf on level 3 of the Dungeon)
 m - a +0 club {mace}
   (You took it off Jessica on level 2 of the Dungeon)
 n - a +2 dagger of electrocution {short}
   (You took it off a kobold on level 2 of the Dungeon)
 v - a +4 dagger {short}
   (You took it off an orc priest on level 3 of the Dungeon)
 x - a +0 club {mace}
   (You took it off an orc on level 3 of the Dungeon)
Missiles
 f - a throwing net {=f!fthrowing}
 k - 33 stones {throwing}
 q - 6 boomerangs {throwing}
 M - 7 poisoned darts {throwing}
Armour
 a - a +0 robe
 c - a +0 ring mail
   (You found it on level 1 of the Dungeon)
 e - a +0 robe
   (You found it on level 1 of the Dungeon)
 l - a +0 robe of willpower (worn)
   (You took it off Jessica on level 2 of the Dungeon)
 p - a +0 chain mail
   (You took it off an orc on level 3 of the Dungeon)
 s - a +0 chain mail
   (You took it off an orc priest on level 3 of the Dungeon)
 w - a +0 leather armour
   (You took it off an orc on level 3 of the Dungeon)
 C - a +0 leather armour
   (You found it on level 3 of the Dungeon)
 D - a +0 cloak (worn)
   (You took it off Crazy Yiuf on level 3 of the Dungeon)
 F - a +0 leather armour
   (You took it off an orc on level 4 of the Dungeon)
 G - a +0 ring mail
   (You took it off an orc on level 4 of the Dungeon)
 H - a +0 robe
   (You took it off an orc wizard on level 4 of the Dungeon)
 I - a +0 leather armour
   (You took it off an orc on level 4 of the Dungeon)
 J - a +0 robe
   (You found it on level 4 of the Dungeon)
 K - a +0 robe
   (You found it on level 4 of the Dungeon)
Jewellery
 L - a ring of protection from cold (left hand)
   (You found it on level 4 of the Dungeon)
Scrolls
 h - a scroll of fog
 i - a scroll of immolation {unknown}
 t - 2 scrolls of silence {!r}
 y - a scroll of brand weapon
 E - a scroll of enchant weapon
Potions
 b - 2 potions of magic
 g - a potion of mutation {unknown}
 o - a potion of curing {@q1}
 r - a potion of lignification {unknown}
 u - a potion of heal wounds {unknown}
 z - a potion of degeneration {unknown}
 A - a potion of attraction {unknown}

Dungeon Overview and Level Annotations

Branches:
Dungeon (4/15) Zot: 18301
 Temple: D:4-7

Annotations:
D:4 Menkaure

#............##
#.M........##
...###......##
.....###....
##.....# ..####
###.. ##....#
### ##...# #
##..# ##.##
#.M# ##@# #.#
#.## ### ##
#..####...# #.
##......... ..
#......... ##
##.####....
#.## ...
####..##


You could see Menkaure (fast).


Message History

The kobold shouts!
The kobold hits you with a +0 dagger. 😕 HP[-1]
You take 1 damage, and now have 50/51 hp.
You sock the kobold! You freeze the kobold.
You kill the kobold!
No target in view!
No target in view!
M - 7 poisoned darts {throwing}
Things that are here:
a +0 dagger {short}; a kobold corpse 😎 HP[+1]
Your hp is fully restored (51).
The blizzard demon shouts!
A quokka comes into view.
A quokka is nearby!
The quokka barely misses you. x2
You hit the quokka.
You kill the quokka!
No target in view!
No target in view!
An adder comes into view.
An adder is nearby!
The adder hisses angrily.
The adder bites you but does no damage.
You sock the adder!
The adder seems to slow down.
You freeze the adder. The adder closely misses you. The adder misses you.
You hit the adder.
You kill the adder!
Your Ice Magic skill increases to level 5!
No target in view!
No target in view!
An endoplasm comes into view.
Menkaure shouts!
Menkaure calls on the powers of darkness!
Your body is wracked with pain! 😮 HP[-24]
You take 24 damage, and now have 27/51 hp.
MASSIVE DAMAGE!! (PAUSE)
You hit the endoplasm. You burn the endoplasm. The endoplasm barely misses you.
The endoplasm freezes you.
You are frozen.
You resist. 😮 HP[-1]
You take 1 damage, and now have 26/51 hp.
You hit the endoplasm.
You kill the endoplasm!
Menkaure gestures wildly while chanting.
Menkaure seems to speed up.
Menkaure casts a spell at you. Pain shoots through your body!
* * * LOW HITPOINT WARNING * * *
😨 HP[-5]
You take 5 damage, and now have 21/51 hp. 😨 HP[+1] Menkaure murmurs, "Let me perform the rites..." 😨 HP[+1] Menkaure calls on the powers of darkness!
Your body is wracked with pain!
* * * LOW HITPOINT WARNING * * *
😨 HP[-10]
You take 10 damage, and now have 13/51 hp.
You feel better.
Menkaure gestures at you while chanting.
You resist with some effort. 😨 HP[+9]
You regained 9 hp, and now have 22/51 hp.
You feel yourself speed up.
Menkaure mumbles drily.
Casting: Freeze (safe; 1% risk of failure)
Confirm with . or Enter, or press ? or * to list all spells.
A film of ice covers your body!
Menkaure calls on the powers of darkness!
Your body is wracked with pain!
* * * LOW HITPOINT WARNING * * *
😱 HP[-10] MP[-3]
You take 10 damage, and now have 12/51 hp.
You lost 3 mp, and now have 11/14 mp.
Casting: Ozocubu's Armour (dangerous; 3% risk of failure)
Confirm with . or Enter, or press ? or * to list all spells.
Casting: Frozen Ramparts (dangerous; 3% risk of failure)
Press: ? - help, Dir - look around, f - activate The walls around you are covered in ice.
Menkaure resists.
The wall freezes Menkaure.
Menkaure calls on the powers of darkness!
Your body is wracked with pain!
* * * LOW HITPOINT WARNING * * *
😱 HP[-5] MP[-3]
You take 5 damage, and now have 7/51 hp.
You lost 3 mp, and now have 8/14 mp.
You feel better. 😨 HP[+7]
You regained 7 hp, and now have 14/51 hp.
You barely miss Menkaure.
Menkaure resists.
The wall freezes Menkaure.
Menkaure hits you but does no damage.
Menkaure completely resists.
The wall freezes Menkaure but does no damage.
Menkaure hits you but does no damage.
You barely miss Menkaure. You hit Menkaure. You burn Menkaure.
Menkaure resists.
The wall freezes Menkaure.
Menkaure hits you!
You die...

Skill      XL: |  1  2  3  4  5  6 |
---------------+-------------------+-----
Dodging        | 2 3 |  3.7
Spellcasting   | 2 3 |  3.5
Fighting       | 1 2 3 |  3.2
Ice Magic      | 4 5 |  5.0
Stealth        | |  1.7

Action                   |  1- 3 |  4- 6 || total
-------------------------+-------+-------++-------
Melee: Unarmed           |    18 |       ||    18
       Dagger            |    61 |   126 ||   187
       Quarterstaff      |       |    41 ||    41
 Cast: Freeze            |    17 |       ||    17
       Frozen Ramparts   |     1 |     9 ||    10
       Ozocubu's Armour  |       |     2 ||     2
  Use: Scroll            |       |     5 ||     5
       Potion            |       |     3 ||     3
 Stab: Sleeping          |     8 |     3 ||    11
Armor: Robe              |    21 |    31 ||    52
Dodge: Dodged            |    65 |    98 ||   163

Levels and vault maps discovered:
D:1:      shiori_arrival_whats_in_store_for_you, layout_basic,
          dreamdust_ecumenical_altar_angels_and_demons, minivault_25,
          dreamdust_princess_bridge, minmay_misc_feat_cross,
          minmay_worlds_worst_comb
D:2:      layout_basic, uniq_jessica, uniq_natasha
D:3:      layout_loops_ring, uniq_crazy_yiuf_cottage
D:4:      layout_cave_pods, makhleb_altar_promises_db, amcnicky_altar_gilded,
          uniq_menkaure

Notes
Turn   | Place    | Note
-------+----------+-------------------------------------------
     0 | D:1      | mcwallace the Demigod Ice Elementalist began the quest for
                  | the Orb.
     0 | D:1      | Reached XP level 1. HP: 14/14 MP: 5/5
     0 | D:1      | Noticed a human
     0 | D:1      | Noticed a draconian
     0 | D:1      | magus.rc [v1.9.6]
     1 | D:1      | Noticed a gargoyle
     3 | D:1      | Noticed a tengu
     7 | D:1      | Noticed a ghoul
     8 | D:1      | Noticed a demigod
    11 | D:1      | Noticed a gargoyle
    13 | D:1      | Noticed a formicid
    13 | D:1      | Noticed a demigod
    15 | D:1      | Noticed a barachi
    15 | D:1      | Noticed an octopode
    15 | D:1      | Noticed a ghoul
    19 | D:1      | Noticed a tengu
    19 | D:1      | Noticed a troll
    25 | D:1      | You fall into a shaft and drop 1 floor!
    67 | D:2      | Noticed Jessica
   520 | D:1      | Reached skill level 2 in Dodging
   636 | D:1      | Reached skill level 2 in Spellcasting
   798 | D:1      | Reached XP level 2. HP: 21/22 MP: 5/7
  1529 | D:1      | Reached skill level 1 in Fighting
  1884 | D:2      | Reached XP level 3. HP: 28/28 MP: 8/8
  1897 | D:2      | Noticed Natasha
  1902 | D:2      | HP: 6/28 [Natasha (8)]
  1903 | D:2      | Killed Natasha
  1904 | D:2      | Reached skill level 4 in Ice Magic
  1910 | D:2      | Learned a level 3 spell: Frozen Ramparts
  2155 | D:2      | Noticed Natasha
  2159 | D:2      | Killed Natasha
  2160 | D:2      | Reached XP level 4. HP: 29/35 MP: 6/10
  2256 | D:2      | You pick up a book of Flames and begin reading...
  2256 | D:2      | You add the spells Foxfire, Conjure Flame, Inner Flame and
                  | Flame Wave to your library.
  2277 | D:2      | You pick up a book of Conjurations {@e2} and begin
                  | reading...
  2277 | D:2      | You add the spells Magic Dart, Searing Ray and Fulminant
                  | Prism to your library.
  2556 | D:2      | Noticed Natasha
  2577 | D:2      | Killed Natasha
  2631 | D:2      | Killed Jessica
  2702 | D:2      | Reached skill level 2 in Fighting
  3457 | D:3      | Reached XP level 5. HP: 25/41 MP: 12/12
  3887 | D:3      | Reached skill level 3 in Dodging
  3983 | D:3      | Reached skill level 3 in Spellcasting
  4560 | D:3      | Found a runed translucent door.
  4561 | D:3      | Noticed Crazy Yiuf
  4689 | D:3      | Learned a level 3 spell: Ozocubu's Armour
  4694 | D:3      | Killed Crazy Yiuf
  4695 | D:3      | Reached XP level 6. HP: 48/50 MP: 6/13
  5048 | D:4      | Reached skill level 3 in Fighting
  5127 | D:4      | Noticed Menkaure
  5589 | D:4      | Noticed a blizzard demon
  5592 | D:4      | Noticed a neqoxec
  5592 | D:4      | Noticed a hellwing
  5656 | D:4      | Reached skill level 5 in Ice Magic
  5676 | D:4      | HP: 12/51 [??? (10)]
  5681 | D:4      | Slain by Menkaure

Vanquished Creatures
  A sky beast (D:4)
  Crazy Yiuf (D:3)
  4 orc priests
  Jessica (D:2)
  An iguana (D:4)
  Natasha (thrice) (D:2)
  An orc wizard (D:4)
  5 adders
  An ufetubus (D:4)
  3 worms
  4 dart slugs
  11 orcs
  8 endoplasms
  6 giant cockroaches
  7 hobgoblins
  7 quokkas
  6 ball pythons
  8 bats
  A frilled lizard (D:3)
  7 goblins
  5 kobolds
  4 rats (D:1)
95 creatures vanquished.

Table legend:
 A = Non-vault XP
 B = Vault XP
 C = Vault XP percentage of total XP
 D = Non-vault monster count
 E = Vault monster count
 F = Vault count percentage of total count
                 A         B        C        D         E       F
            +---------+---------+-------+---------+---------+-------
      Total |     659 |     125 |  15.9 |      88 |       7 |   7.4
            +---------+---------+-------+---------+---------+-------
        D:1 |      35 |       8 |  18.6 |      22 |       4 |  15.4
        D:2 |     111 |      73 |  39.7 |      14 |       2 |  12.5
        D:3 |     217 |      44 |  16.9 |      29 |       1 |   3.3
        D:4 |     296 |       0 |   0.0 |      23 |       0 |   0.0
            +---------+---------+-------+---------+---------+-------

Illustrated notes

Table legend:
 A = Kills in this place as a percentage of kills in entire the game.
 B = Kills by you in this place as a percentage of kills by you in the entire game.
 C = Kills by friends in this place as a percentage of kills by friends in the entire game.
 D = Other kills in this place as a percentage of other kills in the entire game.
 E = Experience gained in this place as a percentage of experience gained in the entire game.
 F = Experience gained in this place divided by the number of levels of this place that you have seen.
                   A       B       C       D       E      F
               +-------+-------+-------+-------+-------+----------------------
         Total | 100.0 | 100.0 |   N/A |   N/A | 100.0 | 196.0
       Dungeon | 100.0 | 100.0 |   N/A |   N/A | 100.0 | 196.0
               +-------+-------+-------+-------+-------+----------------------

Table legend: (Time is in decaauts)
 A = Elapsed time spent in this place.
 B = Non-inter-level travel time spent in this place.
 C = Inter-level travel time spent in this place.
 D = Time resting spent in this place.
 E = Time spent auto-exploring this place.
 F = Levels seen in this place.
 G = Mean time per level.
                   A        B        C        D        E       F      G
               +--------+--------+--------+--------+--------+-----+--------+
         Total |   5697 |   5595 |    102 |      0 |   4729 |   4 | 1424.2 |
       Dungeon |   5697 |   5595 |    102 |      0 |   4729 |   4 | 1424.2 |
               +--------+--------+--------+--------+--------+-----+--------+

Top non-repeatable levels by time:
     D:1: 1733 daAuts
     D:2: 1688 daAuts
     D:3: 1360 daAuts
     D:4: 915 daAuts
